Map: [ESL] Cosmic Sapphire

Players

Gerald - Winner!

  • Race: Protoss Protoss
  • Spawn Location: 5:00

Bly

  • Race: Zerg Zerg
  • Spawn Location: 11:00

Event: DreamHack SC2 Masters 2022 Atlanta (Online)

VOD

Have the link to the VOD?

Description

Time

  • Played on: Oct. 7, 2022, 1:44 p.m.
  • Length: 10:44

All games in this series

Show
View Real Time Build Order
Export as new Build Order

Gerald Protoss - Winner!

Build Orders: 1 Gate Expand 

Get SALT Encoding   

  12  0:00  Probe  
  13  0:12  Probe  
  14  0:19  Pylon  
  14  0:24  Probe (Chrono Boost)  
  15  0:40  Gateway, Probe (Chrono Boost)  
  16  0:45  Probe (Chrono Boost)  
  16  0:49  Assimilator  
  17  0:54  Probe  
  18  1:06  Probe  
  19  1:18  Probe  
  20  1:26  Nexus  
  20  1:30  Probe  
  21  1:39  Cybernetics Core  
  21  1:42  Probe  
  22  1:48  Assimilator  
  22  1:54  Probe  
  22  1:57  Pylon  
  23  2:14  Adept (Chrono Boost)  
  23  2:15  Probe  
  26  2:24  Stargate  
  26  2:28  Probe  
  27  2:34  Adept (Chrono Boost)  
  29  2:39  Warp Gate, Probe  
  29  2:40  Probe  
  31  2:49  Shield Battery  
  31  2:51  Probe  
  32  2:52  Probe  
  33  2:59  Adept  
  33  3:03  Probe  
  33  3:04  Probe  
  36  3:05  Gateway  
  35  3:18  Probe, Void Ray (Chrono Boost)  
  40  3:23  Probe  
  41  3:28  Pylon  
  41  3:30  Probe  
  42  3:35  Probe  
  43  3:42  Probe  
  43  3:47  Probe (Chrono Boost)  
  45  3:48  Twilight Council  
  46  3:58  Probe (Chrono Boost)  
  46  3:59  Probe (Chrono Boost)  
  50  4:02  Oracle  
  50  4:07  Probe (Chrono Boost)  
  50  4:09  Probe (Chrono Boost)  
  52  4:13  Probe  
  53  4:18  Probe  
  53  4:21  Resonating Glaives (Chrono Boost)  
  54  4:25  Gateway  
  54  4:26  Gateway  
  54  4:28  Pylon  
  54  4:33  Nexus  
  54  4:36  Assimilator  
  54  4:46  Probe  
  54  4:47  Pylon  
  54  4:49  Shield Battery  
  54  4:51  Probe  
  56  4:55  Adept  
  56  4:56  Adept  
  60  5:02  Probe  
  60  5:04  Probe  
  62  5:07  Forge, Pylon  
  62  5:14  Probe  
  62  5:15  Assimilator  
  62  5:19  Adept x2  
  67  5:23  Probe  
  67  5:26  Probe  
  69  5:28  Shield Battery  
  69  5:32  Pylon  
  69  5:35  Probe  
  70  5:38  Adept, Probe  
  70  5:39  Adept x2  
  77  5:45  Adept, Probe  
  77  5:47  Probe  
  77  5:49  Blink (Chrono Boost)  
  81  5:51  Probe  
  81  5:58  Probe  
  81  5:59  Probe  
  81  6:01  Adept x2  
  81  6:03  Probe  
  88  6:10  Probe  
  89  6:13  Probe  
  89  6:15  Probe  
  89  6:18  Gateway x2  
  91  6:22  Gateway  
  91  6:24  Gateway  
  91  6:25  Probe  
  93  6:28  Probe  
  93  6:32  Stalker x3  
  98  6:34  Pylon  
  98  6:36  Protoss Ground Weapons Level 1 (Chrono Boost)  
  98  6:38  Probe  
  92  6:53  Probe  
  87  6:57  Probe  
  76  7:10  Stalker x4  
  76  7:13  Photon Cannon, Assimilator  
  84  7:19  Probe  
  84  7:20  Probe  
  84  7:21  Dark Shrine  
  84  7:22  Gateway x2  
  83  7:23  Stalker x4  
  83  7:28  Assimilator  
  91  7:30  Probe, Pylon  
  91  7:35  Stalker  
  91  7:36  Stalker x3  
  100  7:51  Stalker x4  
  108  8:00  Nexus  
  108  8:02  Pylon  
  108  8:07  Probe  
  108  8:11  Adept x4  
  117  8:17  Pylon  
  117  8:21  Robotics Facility  
  117  8:32  Stalker x4  
  125  8:36  Pylon  
  125  8:37  Pylon  
  125  8:44  Dark Shrine  
  123  8:55  Adept  
  123  8:56  Adept x7  
  123  8:57  Charge (Chrono Boost)  
  123  9:01  Probe x2  
  141  9:07  Immortal (Chrono Boost)  
  141  9:09  Probe  
  138  9:25  Probe  
  138  9:27  Probe  
  134  9:36  Probe  
  129  9:38  Stalker x6  
  129  9:39  Stalker x4  
  129  9:42  Probe  
  129  9:44  Probe  
  139  9:49  Probe  
  139  9:50  Photon Cannon  
  139  9:51  Shield Battery  
  134  9:53  Probe  
  134  9:54  Probe  
  134  9:55  Assimilator  
  134  9:56  Probe  
  129  10:01  Probe  
  129  10:02  Pylon  
  129  10:05  Probe  
  129  10:06  Probe  
  132  10:08  Robotics Bay  
  132  10:14  Dark Templar  
  132  10:15  Dark Templar x2  
  138  10:27  Observer (Chrono Boost)  
  139  10:28  Dark Templar  
  139  10:29  Zealot, Dark Templar x3  
  139  10:30  Zealot x2  
Show
View Real Time Build Order
Export as new Build Order

Bly Zerg 

Build Orders: Hatch First 

Get SALT Encoding   

  12  0:00  Drone  
  13  0:13  Overlord  
  13  0:17  Drone  
  14  0:31  Drone  
  14  0:32  Drone  
  16  0:47  Drone  
  17  0:53  Hatchery  
  17  0:56  Drone  
  17  1:00  Drone  
  18  1:11  Extractor  
  18  1:13  Spawning Pool  
  18  1:15  Drone  
  17  1:20  Drone  
  18  1:30  Drone  
  19  1:40  Drone  
  20  1:52  Overlord  
  20  2:00  Queen  
  22  2:04  Queen  
  22  2:05  Zergling x4  
  26  2:12  Drone  
  26  2:14  Metabolic Boost  
  27  2:16  Drone  
  28  2:25  Drone  
  29  2:34  Hatchery  
  28  2:37  Overlord  
  28  2:45  Queen  
  28  2:48  Zergling x2  
  31  2:53  Drone x2  
  33  3:09  Drone x3  
  33  3:11  Drone x2  
  36  3:15  Queen  
  36  3:17  Overlord  
  38  3:24  Queen  
  40  3:33  Zergling x6  
  43  3:38  Overlord  
  43  3:42  Drone x2  
  45  3:51  Drone x5  
  50  4:00  Spore Crawler  
  50  4:01  Spore Crawler, Drone x4  
  52  4:05  Overlord  
  52  4:10  Overlord  
  51  4:18  Overlord  
  51  4:20  Overlord  
  51  4:23  Spore Crawler  
  50  4:30  Drone x2  
  52  4:31  Drone x4  
  52  4:32  Drone x2  
  52  4:36  Lair  
  58  4:45  Zergling x6  
  61  4:48  Roach Warren  
  60  4:56  Zergling x14  
  67  5:04  Drone x2  
  67  5:05  Drone x4, Extractor x2  
  71  5:08  Overlord  
  71  5:12  Overlord  
  71  5:18  Overlord  
  70  5:27  Drone x5  
  70  5:28  Drone  
  73  5:31  Extractor x2  
  73  5:33  Glial Reconstitution  
  71  5:47  Overlord  
  71  5:48  Drone x3  
  74  5:51  Roach x4  
  81  6:03  Zergling x6  
  81  6:04  Zergling x10, Queen x2  
  84  6:12  Zergling x14  
  86  6:18  Roach  
  86  6:24  Roach x2  
  90  6:32  Hatchery  
  89  6:34  Roach x5  
  94  6:40  Roach x3  
  86  7:00  Roach x5  
  88  7:19  Queen x2  
  92  7:24  Zergling x12  
  92  7:27  Overlord  
  98  7:31  Overlord x2  
  98  7:38  Overlord  
  98  7:40  Overlord  
  80  8:02  Drone x14  
  92  8:11  Ravager x2  
  92  8:12  Ravager x4  
  98  8:24  Roach x5  
  98  8:26  Hatchery  
  104  8:36  Roach x4  
  113  8:48  Zergling x10  
  117  8:56  Extractor  
  116  9:03  Roach  
  116  9:04  Roach x7  
  116  9:06  Burrow  
  116  9:07  Tunneling Claws  
  128  9:14  Hatchery  
  113  9:29  Roach x9  
  127  9:44  Roach x4  
  131  9:59  Hatchery  
  130  10:06  Roach x11  
  130  10:11  Overlord  
  130  10:12  Overlord  
  130  10:13  Roach x27  
  130  10:21  Hatchery  
Tags
 
Add a new tag
Caveats
  • Supply blocks, unpowered buildings, or Contaminate may cause inaccurate times.
  • Supply counts are checked every 10 seconds.